 Dungeon Crawl Stone Soup version 0.31.0-12-g77e489cdc1 (webtiles) character file.

Game seed: 14896017966186162000

1395 Destinykillz the Ruffian (level 8, -3/78 HPs)
             Began as a Troll Fighter on Feb 21, 2024.
             Slain by Maggie
             ... wielding a +0 broad axe of flaming
              (4 damage)
             ... on level 6 of the Dungeon.
             The game lasted 00:09:21 (3740 turns).

Destinykillz the Ruffian (Troll Fighter)            Turns: 3740, Time: 00:09:23

Health: -3/78      AC:  5    Str: 27    XL:     8   Next: 41%
Magic:  7/7        EV:  9    Int:  4    God:
Gold:   66         SH:  9    Dex:  9    Spells: 7/7 levels left

rFire   . .          .
                       - Unarmed
rCold   . . .        b - +0 kite shield
rNeg    . . .        a - +0 robe
rPois   .            (helmet restricted)
rElec   .            p - +0 cloak
rCorr   .            (gloves unavailable)
SInv    .            (boots unavailable)
Will    .....        (no amulet)
Stlth   +            (no ring)
HPRegen 1.13/turn    (no ring)
MPRegen 0.10/turn

%: no passive effects
@: marked, mesmerised
A: large, unfitting armour, claws 3, regeneration 1, shaggy fur 1, tough skin 1
a: no special abilities


You were on level 6 of the Dungeon.
You visited 1 branch of the dungeon, and saw 6 of its levels.
You also visited: Sewer.

You collected 315 gold pieces.
You spent 249 gold pieces at shops.

Inventory:

Hand Weapons
 e - a +1 dagger of chaos
Missiles
 l - 22 poisoned darts (quivered)
Armour
 a - a +0 robe (worn)
 b - a +0 kite shield (worn)
 p - a +0 cloak (worn)
Jewellery
 i - an amulet of the acrobat
Wands
 t - a wand of flame (29)
Scrolls
 n - 6 scrolls of teleportation
 o - 3 scrolls of immolation
 q - a scroll of vulnerability
 r - a scroll of silence {unknown}
 u - 3 scrolls of enchant weapon {unknown}
 v - a scroll of acquirement {unknown}
Potions
 c - a potion of might
 d - 2 potions of attraction
 f - a potion of berserk rage {unknown}
 g - a potion of resistance {unknown}
 h - 3 potions of heal wounds
 j - 2 potions of brilliance
 k - 2 potions of curing {unknown}
 m - 3 potions of mutation {unknown}
 s - 3 potions of magic {unknown}


   Skills:
 + Level 4.2 Fighting
 + Level 4.2 Dodging
 * Level 6.2 Shields
 * Level 6.3 Unarmed Combat


You had 7 spell levels left.
You didn't know any spells.
Your spell library contained the following spells:

 Spells                   Type           Power      Damage    Failure   Level
 Summon Ice Beast         Ice/Summ       0%         N/A       97%         3
 Tukima's Dance           Hex            0%         N/A       97%         3
 Manifold Assault         Tloc           0%         N/A       100%        4
 Passage of Golubria      Tloc           0%         N/A       100%        4
 Summon Mana Viper        Hex/Summ       0%         N/A       100%        5
 Yara's Violent Unravell  Hex/Alch       0%         3d3       100%        5
 Dispersal                Tloc           0%         N/A       100%        6
 Monstrous Menagerie      Summ           0%         N/A       100%        7
 Disjunction              Tloc           0%         N/A       100%        8


Dungeon Overview and Level Annotations

Branches:
Dungeon (6/15)              Sewer (visited)
 Temple: D:4-7

Altars:
Nemelex Xobeh
Qazlal
Xom

Shops:
D:4 *

Annotations:
D:6 Maggie


Innate Abilities, Weirdness & Mutations

You are too large for most types of armour.
You have claws for hands.
Your natural rate of healing is unusually fast.
You are covered in fur. (AC +1)
You have tough skin. (AC +1)


Message History

The centaur is severely wounded.
The centaur hits you. You block the centaur's attack.
You claw the centaur!
You kill the centaur!
No target in view!
No target in view!
A sky beast comes into view.
Maggie the Vainglorious comes into view.
She is wielding a +0 broad axe of flaming.
There are monsters nearby!
There are monsters nearby!
Maggie mumbles some strange words.
Maggie attempts to bespell you!
You are mesmerised by Maggie!
Maggie hits you with a +0 broad axe of flaming!
Maggie burns you.
You scratch Maggie but do no damage.
The sky beast flickers out of sight!
Deactivating autopickup; reactivate with Ctrl-A.
Maggie hits you with a +0 broad axe of flaming.
Maggie burns you.
You are too injured to fight recklessly!
You closely miss Maggie.
Maggie points at you and mumbles some strange words.
The bolt of fire hits you!!
* * * LOW HITPOINT WARNING * * *
You scratch Maggie.
Maggie is lightly wounded.
You block Maggie's attack.
You scratch Maggie.
Maggie is lightly wounded.
You scratch Maggie but do no damage.
Maggie is lightly wounded.
Maggie barely misses you.
You claw Maggie!
Maggie is moderately wounded.
A sky beast appears from thin air!
Reactivating autopickup.
Maggie hits you with a +0 broad axe of flaming!
* * * LOW HITPOINT WARNING * * *
Maggie burns you.
You die...

#....#. ##....>#
#....#. #......#
#....#. ......#
#...... #.....#
#)....)## .. #.....#
#...._§.# ...##.....#
#....).Y# ..........#
#.......# .......<..#
#....#.@# ..........#
#....#.@##########'###
#... #$..............#
#....#...............#
#....................#
#...................#
#...♣...............#
#...♣........########
#...♣........#


You could see Maggie (mesmerising) and a sky beast.

Vanquished Creatures
  Grinder (D:3)
  Edmund (D:4)
  A centaur (D:6)
  A phantom (D:3)
  2 bullfrogs (Sewer)
  3 wights (D:5)
  4 hounds
  A bombardier beetle (D:5)
  2 sleepcaps
  An iguana (D:5)
  Robin (D:2)
  8 gnolls
  4 river rats (Sewer)
  16 adders
  2 ribbon worms (D:3)
  3 dart slugs
  10 orcs
  3 bats
  12 endoplasms
  16 goblins
  11 hobgoblins
  4 jackals
  8 quokkas
  23 ball pythons
  5 frilled lizards
  6 kobolds
  17 rats
166 creatures vanquished.

Notes
Turn   | Place    | Note
-------+----------+-------------------------------------------
     0 | D:1      | Destinykillz the Troll Fighter began the quest for the Orb.
     0 | D:1      | Reached XP level 1. HP: 22/22 MP: 0/0
    84 | D:1      | Reached XP level 2. HP: 29/29 MP: 1/1
   497 | D:1      | Reached XP level 3. HP: 32/36 MP: 2/2
   921 | D:2      | Noticed Robin
   929 | D:2      | Killed Robin
  1040 | D:2      | Reached XP level 4. HP: 44/44 MP: 3/3
  1090 | D:2      | Found a faded altar of an unknown god.
  1167 | D:2      | You fall into a shaft and drop 1 floor!
  1550 | D:3      | Found a stormy altar of Qazlal.
  1613 | D:3      | Reached XP level 5. HP: 52/52 MP: 4/4
  1707 | D:3      | Noticed a phantom
  1716 | D:3      | Killed a phantom
  1812 | D:3      | Noticed Grinder
  1825 | D:3      | Killed Grinder
  1826 | D:3      | Reached XP level 6. HP: 40/61 MP: 5/5
  1898 | D:3      | Identified the +10 quarterstaff "Mierch" {protect, rF+
                  | Dex+5}
  2274 | D:4      | Found a glowing drain.
  2302 | Sewer    | Entered a sewer
  2447 | Sewer    | Reached XP level 7. HP: 54/67 MP: 6/6
  2552 | Sewer    | Reached skill level 5 in Shields
  2597 | Sewer    | Reached skill level 5 in Unarmed Combat
  2713 | D:4      | Noticed Edmund
  2731 | D:4      | Killed Edmund
  2798 | D:4      | Found a sparkling altar of Nemelex Xobeh.
  2970 | D:4      | Found Toekheol's Assorted Antiques.
  2981 | D:4      | Bought a glowing scarf for 168 gold pieces
  2981 | D:4      | Bought a scroll of teleportation for 63 gold pieces
  3065 | D:4      | Bought a bubbling yellow potion for 18 gold pieces
  3240 | D:5      | Entered Level 5 of the Dungeon
  3247 | D:5      | Reached XP level 8. HP: 66/78 MP: 7/7
  3720 | D:6      | Found a shimmering altar of Xom.
  3731 | D:6      | Noticed Maggie
  3740 | D:6      | HP: 1/78 [Maggie/+0 broad axe of flaming (14)]
  3740 | D:6      | Slain by Maggie

Illustrated notes

Levels and vault maps discovered:
D:1:      roadster_arrival_rocket_small, layout_loops_ring
D:2:      layout_loops_ring, hellmonk_ecumenical_altar_arch_garden, uniq_robin
D:3:      layout_loops_ring, nicolae_qazlal_general_emergency, minmay_ruptured,
          uniq_grinder
D:4:      layout_rooms, mainiacjoe_overflow_surrounded_room,
          cheibrodos_sewer_entry_drain, serial_shops, shop, saegor_snake_ambush,
          uniq_edmund
D:5:      layout_basic
D:6:      layout_gridville, mainiacjoe_overflow_boulevard,
          minmay_temple_entry_junction_2, serial_shops, nicolae_shop_waterfront,
          uniq_crazy_yiuf_cottage, uniq_maggie

Skill      XL: |  1  2  3  4  5  6  7  8 |
---------------+-------------------------+-----
Shields        | 3 4 5 6 |  6.2
Unarmed Combat | 3 4 5 6 |  6.3
Fighting       | 3 4 |  4.2
Dodging        | 3 4 |  4.2

Action                     |  1- 3 |  4- 6 |  7- 9 || total
---------------------------+-------+-------+-------++-------
  Melee: Unarmed           |    94 |   155 |   166 ||   415
    Use: Potion            |       |     1 |       ||     1
         Scroll            |       |       |     9 ||     9
   Stab: Sleeping          |     1 |     1 |       ||     2
 Armour: Robe              |    35 |    89 |   128 ||   252
  Dodge: Dodged            |    21 |    57 |    63 ||   141
  Block: Kite shield       |    33 |    55 |    96 ||   184
